[Event "Czech Open-GM 2022"]
[Site "Pardubice"]
[Date "2022.07.22"]
[Round "1.20"]
[White "Staeblein, Christoph"]
[Black "Tahay, Alexis"]
[Result "0-1"]
[ECO "A40"]
[WhiteElo "2150"]
[BlackElo "2393"]
[Annotator "TA"]
[PlyCount "98"]
[EventDate "2022.07.22"]
[EventType "swiss"]
[EventCountry "CZE"]
[SourceTitle "playchess.com"]
[Source "ChessBase"]
[SourceQuality "1"]
[TimeControl "40/5400+30:1800+30"]

1. d4 Nf6 2. c4 e6 3. g3 d5 4. Nf3 Bb4+ 5. Bd2 a5 6. Bg2 O-O 7. Qc2 Nbd7 8. O-O Be7 9. Bf4 {[%emt 0:09:37] 9.Rd1 is setting a new trend.} c6 10. b3 {[%emt 0:01:52] E08: Closed Catalan: Main Line: 7 Qc2.} Ne4 11. Nc3 f5 12. Ne5 {[%emt 0:09:59][%cal Rc3e4] [#] White is slightly better.} Nd6 $146 ({Better is} 12... g5 $11 13. Nxd7 (13. Nxe4 gxf4 14. Nxd7 Bxd7 $11) 13... Bxd7) ({Predecessor:} 12... g5 13. Nxd7 Bxd7 14. Be5 Bf6 15. Bxf6 Qxf6 16. Nxe4 fxe4 17. Qc3 h5 18. f3 exf3 19. Bxf3 Qg6 {0-1 (35) Ellis,R (2123)-Addis,E (2031) USA 2000}) 13. Qd3 (13. Rad1 $14) 13... g5 14. Nxd7 Bxd7 15. Be5 Nf7 16. f4 Nxe5 17. dxe5 Be8 18. Rad1 Bf7 19. Kh1 Qb8 20. cxd5 cxd5 21. Nb5 Qd8 22. Rc1 Rc8 23. Qe3 Qd7 24. a4 g4 25. Na7 Rxc1 26. Rxc1 Ra8 27. Nb5 Rc8 {[%emt 0:00:09] Inhibits Rc7.} 28. h3 h5 29. Na7 Rc7 30. Nb5 Rxc1+ 31. Qxc1 Qc6 $1 32. Qxc6 ({White should play} 32. Qd1 $15) 32... bxc6 $15 {[%emt 0:00:01][%mdl 4096] Endgame KBB-KBN} 33. Nd4 c5 34. Nc6 Kf8 {[%emt 0:01:05] Hoping for ...c4.} 35. Nxa5 Be8 (35... Bd8 $142 $1 36. Nc6 c4 37. bxc4 (37. Nxd8 $2 cxb3 38. Kh2 b2 $19) 37... dxc4 $1) 36. hxg4 $17 hxg4 37. Kg1 $2 {[%emt 0:00:35][%mdl 8192] [#]} (37. Kh2 $17 {was the crucial defense.}) 37... c4 $2 (37... Bd8 $1 $19 {[%cal Rd8a5] and Black stays clearly on top.} 38. e4 (38. Nb7 $2 Bb6 $19) 38... Bxa5 39. exd5 Be1) 38. bxc4 Bb4 39. cxd5 {[%emt 0:12:10] Threatens to win with Nb7.} Bxa5 40. dxe6 (40. e4 $17) 40... Bb6+ $19 41. Kh2 Be3 42. Bd5 Bxa4 43. Bc4 {[%emt 0:00:00] Inhibits Bb5.} (43. e7+ Kxe7 44. Kg2) 43... Ke7 $2 (43... Bc6 44. Ba6 Be4) 44. Kg2 Bc6+ {[%emt 0:00:00] This bishop pair is nice.} 45. Kh2 $2 (45. Kf1) 45... Bb7 46. Bd5 Bc8 $2 (46... Ba6 47. Bb3 Bb7) 47. Bc6 $2 (47. Kg2) 47... Bxe6 $2 (47... Ba6 48. Ba4 Bc4) 48. Bb7 Kd7 {[%emt 0:00:00] ( -> ...Bc4)} 49. Ba8 $2 (49. Kg2 $19) 49... Bc4 {[%emt 0:00:00] Weighted Error Value: White=1.02/Black=0.83} 0-1

[Event "Czech Open-GM 2022"]
[Site "Pardubice"]
[Date "2022.07.22"]
[Round "1.21"]
[White "Finek, Vaclav"]
[Black "Bartos, Jan"]
[Result "1-0"]
[ECO "D30"]
[WhiteElo "2393"]
[BlackElo "2142"]
[Annotator "TA"]
[PlyCount "83"]
[EventDate "2022.07.22"]
[EventType "swiss"]
[EventCountry "CZE"]
[SourceTitle "playchess.com"]
[Source "ChessBase"]
[SourceQuality "1"]
[TimeControl "40/5400+30:1800+30"]

1. d4 d5 2. c4 e6 3. Nf3 Nf6 4. g3 Bd6 5. Bg2 O-O 6. O-O Nc6 {[%emt 0:00:05] 6...h6 is a critical line. D02: 1 d4 d5 2 Nf3 sidelines, including 2...Nf6 3 g3 and 2...Nf6 3 Bf4.} 7. Nc3 dxc4 8. Qa4 e5 {[%emt 0:05:32] White has an edge.} 9. Qxc4 (9. d5 {looks sharper.} Nd4 10. Nxd4 exd4 11. Nb5) 9... Nxd4 10. Nxd4 exd4 11. Qxd4 Qe7 12. Bg5 c6 {[%emt 0:04:04] [#] Against Nd5} 13. Ne4 $146 ({Predecessor:} 13. Rad1 Be5 14. Qe3 Qc7 15. Rd2 Be6 16. Rfd1 Ng4 17. Qe4 Rae8 18. Bf4 Qb6 19. Qf3 {½-½ (25) Peters,A (2337)-Cijs,P (2374) ICCF email 2009}) 13... Be5 14. Qe3 Re8 15. Rad1 Bf5 16. Bxf6 Bxf6 (16... gxf6 $11 17. b3 Rad8) 17. Nd6 $36 {[%emt 0:03:05][%mdl 2048] White has strong initiative. White is more active.} Qxe3 18. fxe3 Bg4 19. Nxe8 Rxe8 20. Rf4 Bxe2 (20... Bc8 $16) 21. Rd2 Ba6 22. Re4 Rxe4 23. Bxe4 $16 {[%emt 0:00:10][%mdl 4096] Endgame KRB-KB} g6 $2 (23... Kf8 $16 {was necessary.} 24. Kf2 (24. Bxh7 g6 $11) 24... h6) 24. Kf2 $18 Kf8 25. Bd3 $1 Bxd3 26. Rxd3 {[%emt 0:00:06] KR-KB} Ke7 {[%emt 0:00:04] [#]} 27. Ra3 $1 a6 28. Rb3 b5 {[%emt 0:00:10] [#]} 29. Ra3 Bxb2 30. Rxa6 Kd6 31. Ra7 f6 $2 (31... Ke6 32. Rc7 Be5 33. Rxc6+ Bd6) 32. Rxh7 c5 33. h4 c4 34. Ke2 b4 35. Rg7 b3 36. axb3 cxb3 37. Rxg6 Ke6 38. Kd3 {[%emt 0:01:00] Intending h5 and mate.} Be5 39. h5 Kf7 40. g4 b2 41. Kc2 {[%emt 0:30:10] Black must now prevent g5.} Bc3 42. g5 {[%emt 0:00:31] Weighted Error Value: White=0.08 (flawless) /Black=0.52} 1-0

[Event "Czech Open-GM 2022"]
[Site "Pardubice"]
[Date "2022.07.22"]
[Round "1.22"]
[White "Hajiyev, Kanan"]
[Black "Czerw, Dawid"]
[Result "1/2-1/2"]
[ECO "A46"]
[WhiteElo "2142"]
[BlackElo "2391"]
[Annotator "TA"]
[PlyCount "102"]
[EventDate "2022.07.22"]
[EventType "swiss"]
[EventCountry "CZE"]
[SourceTitle "playchess.com"]
[Source "ChessBase"]
[SourceQuality "1"]
[TimeControl "40/5400+30:1800+30"]

1. d4 Nf6 2. Nf3 e6 3. c4 d5 4. cxd5 exd5 5. Nc3 a6 6. Bg5 {[%emt 0:01:09] D37: Queen's Gambit Declined: 5 Bf4.} Be6 7. e3 Nbd7 8. Be2 {[%emt 0:01:40] White is slightly better.} c6 9. O-O Bd6 10. Qc2 O-O 11. Bd3 {[%emt 0:06:23][%cal Od3h7] Strongly threatening Bxh7+!} Qc7 12. Rac1 {[%emt 0:00:31] [#]} h6 $146 ({Predecessor:} 12... Bg4 13. h3 Bh5 14. Nh4 Bg6 15. Nf5 Bxf5 16. Bxf5 h6 17. Bxf6 Nxf6 18. a3 Rfe8 {0-1 (51) Nikolov,M (2584)-Ioannidis,E (2412) Skopje 2019}) 13. Bh4 Rac8 14. Ne2 Rfe8 15. Rfd1 Qb8 (15... Ne4 $5) 16. Bg3 Ne4 17. Bxe4 (17. Bxd6 {looks sharper.} Qxd6 18. Nd2 Bf5 19. Nf4) 17... dxe4 18. Nd2 ({Don't play} 18. Qxe4 {[#]} Bb3 $1 19. Qd3 Bxd1 20. Qxd1 g6 $15) 18... f5 19. Nc4 Bxg3 20. fxg3 Nf6 21. Nb6 Rcd8 22. Rf1 Qd6 23. Qc5 {[%emt 0:01:32] Against Qb4} Ng4 24. Qc3 Qe7 25. h3 Nf6 26. a4 g5 27. Qc5 Qg7 28. b4 Nd5 29. Nxd5 Rxd5 30. Qb6 Rf8 31. Kh2 (31. g4 $5) 31... Rd7 (31... Qe7 $11) 32. Rc5 ({Better is} 32. b5 $16 axb5 33. axb5) 32... Bd5 33. Rf2 (33. b5 $14) 33... Kh7 34. Rc1 Rdf7 35. Qc5 Rf6 36. Rcf1 h5 37. Nc3 Qd7 38. b5 axb5 39. axb5 R8f7 40. bxc6 bxc6 41. Ra1 (41. h4 $14) 41... f4 42. gxf4 gxf4 43. Rxf4 Rxf4 {[%emt 0:01:38] The position is equal.} 44. exf4 {[%emt 0:00:00][%cal Oc3e4] [#] Nxe4! is the strong threat.} Qf5 45. Qd6 e3 46. Nxd5 cxd5 47. Re1 Qxf4+ 48. Qxf4 Rxf4 49. Rxe3 Rxd4 $11 {[%emt 0:00:06] KR-KR} 50. Kg3 Kg6 51. Re8 Rd2 {[%emt 0:03:47] Weighted Error Value: White=0.10 (very precise) /Black=0.12 (very precise)} 1/2-1/2

[Event "Czech Open-GM 2022"]
[Site "Pardubice"]
[Date "2022.07.22"]
[Round "1.23"]
[White "Klabis, Rokas"]
[Black "Haufe, Laurin"]
[Result "1-0"]
[ECO "B19"]
[WhiteElo "2382"]
[BlackElo "2142"]
[Annotator "TA"]
[PlyCount "53"]
[EventDate "2022.07.22"]
[EventType "swiss"]
[EventCountry "CZE"]
[SourceTitle "playchess.com"]
[Source "ChessBase"]
[SourceQuality "1"]
[TimeControl "40/5400+30:1800+30"]

1. e4 c6 2. d4 d5 3. Nc3 dxe4 4. Nxe4 Bf5 5. Ng3 Bg6 6. h4 h6 7. Nf3 Nd7 8. h5 Bh7 9. Bd3 Bxd3 10. Qxd3 e6 11. Bd2 $1 {[%emt 0:01:42] The main line 11.Bd2 scores better than 11.Bf4.} Ngf6 12. O-O-O Bd6 13. Kb1 {[%emt 0:03:38] B19: Classical Caro-Kann: 4...Bf5 main line.} O-O 14. Ne4 Nxe4 (14... Be7 $11 {remains equal.}) 15. Qxe4 $16 {[%emt 0:00:03] White is better.} Nf6 16. Qe2 {[%emt 0:01:50][%cal Og2g4] [#] White is more active.} Re8 $146 (16... Qc7 $16) ({Predecessor:} 16... Bc7 17. g4 Nxg4 18. Rdg1 f5 19. Qxe6+ Kh8 20. Nh4 Rf6 21. Qe2 Qe8 22. Qf3 Qxh5 {1-0 (55) Khanin,S (2482)-Zahedifar,A (2213) Chess.com INT 2020}) 17. g4 $1 $18 {[%emt 0:16:40] g5 is the strong threat.} Nh7 {[%emt 0:15:40] Inhibits g5.} ({Weaker is} 17... Nxg4 18. Rdg1 f5 19. Ne5 $16) 18. Ne5 Qc7 19. f4 $1 c5 20. dxc5 (20. g5 $1 $18 ) 20... Qxc5 {[%emt 0:01:22] [#]} (20... Bxe5 $16 21. Qxe5 Rac8) 21. Nd3 $1 Qb5 {[%emt 0:02:11] [#]} (21... Qd5 $142 22. g5 hxg5) 22. g5 $1 hxg5 23. fxg5 Nxg5 (23... e5 $142 24. g6 e4 25. gxh7+ Kxh7) 24. h6 g6 25. c4 Qf5 26. Rdf1 Qe4 27. h7+ {Weighted Error Value: White=0.17 (very precise) /Black=1.00} 1-0

[Event "Czech Open-GM 2022"]
[Site "Pardubice"]
[Date "2022.07.22"]
[Round "1.24"]
[White "Michelle Catherina, P."]
[Black "Niedbala, Bartlomiej"]
[Result "0-1"]
[ECO "B38"]
[WhiteElo "2141"]
[BlackElo "2381"]
[Annotator "TA"]
[PlyCount "118"]
[EventDate "2022.07.22"]
[EventType "swiss"]
[EventCountry "CZE"]
[SourceTitle "playchess.com"]
[Source "ChessBase"]
[SourceQuality "1"]
[TimeControl "40/5400+30:1800+30"]

1. e4 c5 2. Nf3 g6 3. d4 cxd4 4. Nxd4 Bg7 5. c4 Nc6 6. Be3 Qb6 7. Nb3 Qd8 8. Nd4 Nf6 9. Nc3 O-O 10. Be2 b6 11. Qd2 {[%emt 0:02:34] is currently scoring better than 11.0-0.} Bb7 12. f3 a6 {[%emt 0:00:16] B38: Sicilian: Maroczy Bind with 5...Bg7 and 7...0-0.} 13. O-O {[%emt 0:02:41] [#]} Nxd4 $146 ({Predecessor:} 13... Re8 14. Rfd1 Rc8 15. Rac1 Qc7 {½-½ (13) Salazar,C (2167)-Cruz Pereyra,A (1947) Cochabamba 2013}) 14. Bxd4 d6 {[%emt 0:00:04] White is better.} 15. Rac1 Bc6 16. b3 Nd7 17. Be3 a5 18. a3 Nc5 19. Rb1 Be5 20. Bh6 Re8 21. Kh1 e6 {[%emt 0:04:39] Strongly threatening ...Qh4.} 22. f4 (22. Bf4 $11) 22... Bxc3 $15 23. Qxc3 e5 $1 24. fxe5 dxe5 (24... Bxe4 $2 25. exd6 $1 Ne6 26. Bg4 $1 $18) 25. Bf3 ({Much worse is} 25. Qf3 f5 26. Rbd1 Qe7 $17) 25... Nxe4 26. Qe3 f5 27. Rbd1 {[%emt 0:03:34] [#]} Qc7 28. b4 axb4 29. axb4 Nf6 30. Be2 (30. Bg5 $15 Ne4 31. Bh4) 30... f4 31. Qh3 (31. Qc3 $142) 31... Ra2 $17 32. Rde1 (32. Rfe1 $17) 32... Qf7 33. Qh4 (33. Qb3 {might work better.} Rea8 34. Qd3) 33... Rd8 34. b5 Ba8 {[%emt 0:00:42] White must now prevent ...Rdd2.} 35. Bg5 $2 (35. Kg1) 35... Rdd2 $19 ({But not} 35... Qb7 36. Rf2 Qf7 37. Bxf6 $18) 36. Bxf6 Rxe2 37. Rxe2 Rxe2 38. Rd1 Qc7 $2 $40 {[%emt 0:02:24][%mdl 128] Black wants a kill.} ({Weaker is} 38... Bxg2+ 39. Kg1 Qe6 40. Rd8+ Kf7 41. Bxe5 $11) (38... Qf8 39. Rd8 Qxd8 40. Bxd8 Rxg2) 39. Rd8+ $2 {[%emt 0:01:26] [#]} (39. Bxe5 Rxe5 40. Rd8+ Kg7 41. Rxa8) 39... Qxd8 $3 40. Bxd8 Rxg2 41. h3 Rg4+ $1 42. Kh2 Rg2+ $2 (42... Rxh4 $19 43. Bxh4 Kf7) 43. Kh1 $11 Rg4+ $2 (43... Rg3+ $11 44. Kh2 Rg2+ 45. Kh1) 44. Kh2 $19 {[%emt 0:00:01] Black continues to play with concentration.} Rxh4 45. Bxh4 {[%emt 0:00:04][%mdl 4096] Endgame KB-KB} Kf7 {[%emt 0:00:41] ...Ke6 is the strong threat.} 46. Bf2 Ke6 {[%emt 0:00:27] aiming for ...e4.} 47. Bxb6 Be4 48. Bc7 g5 {[%emt 0:00:18] Hoping for ...Bd3.} 49. Kg1 h5 50. Kf2 Bd3 51. b6 Be4 {[%emt 0:00:01] ( -> ...Bc6)} 52. Ke2 g4 {[%emt 0:00:37] Black mates.} 53. hxg4 hxg4 54. Bd8 Kf5 55. Bh4 g3 56. Ke1 Kg4 57. Bf6 f3 58. Bxe5 f2+ 59. Ke2 Bg2 {[%emt 0:00:05] Weighted Error Value: White=0.64/Black=0.34} 0-1

[Event "Czech Open-GM 2022"]
[Site "Pardubice"]
[Date "2022.07.22"]
[Round "1.25"]
[White "Neuman, Petr"]
[Black "ter Stal, Rainer"]
[Result "1-0"]
[ECO "E32"]
[WhiteElo "2378"]
[BlackElo "2141"]
[Annotator "TA"]
[PlyCount "81"]
[EventDate "2022.07.22"]
[EventType "swiss"]
[EventCountry "CZE"]
[SourceTitle "playchess.com"]
[Source "ChessBase"]
[SourceQuality "1"]
[TimeControl "40/5400+30:1800+30"]

1. d4 Nf6 2. c4 e6 3. Nc3 Bb4 4. Qc2 O-O 5. a3 Bxc3+ 6. Qxc3 Qe8 7. f3 d6 8. e4 {[%emt 0:01:18] The main line 8.e4 scores better than 8.Bg5.} e5 9. Be3 {[%emt 0:02:26] E32: Nimzo-Indian: Classical (4 Qc2): 4...0-0.} Nbd7 10. Ne2 a5 11. b3 {[%emt 0:01:36] White is better.} c6 {[%emt 0:07:03] [#]} (11... exd4 $14 12. Nxd4 (12. Qxd4 b6 $11) (12. Bxd4 b6 $14) 12... Qe7) 12. Kf2 $146 (12. Rd1 $16) ({Predecessor:} 12. d5 Nc5 13. Nc1 b6 14. Be2 cxd5 15. cxd5 Ba6 16. Bxa6 Rxa6 17. O-O Qb5 18. Ra2 {1-0 (44) Husemann,A (2224)-Galje,H (2117) LSS email 2014}) 12... d5 (12... Qe7 $14) 13. cxd5 $18 cxd5 14. dxe5 Qxe5 15. Bd4 Qb8 16. e5 Ne8 17. Nf4 Nc7 (17... f6 $16) 18. Rc1 Ne6 19. Nxe6 (19. Nxd5 Nxd4 20. Qxd4 Qxe5 21. Qxe5 Nxe5 $16) 19... fxe6 20. Bb5 b6 21. Qc7 $36 {[%emt 0:01:47][%mdl 2048] Prevents Nc5. White has strong initiative.} Rf7 22. Ke3 Nf8 23. Qxb8 {[%emt 0:05:22] 0x0.0019ea2eafe5dp-1022s more active pieces. The black rooks are badly placed.} (23. Qxb6 $2 Rb7 24. Rxc8 Qxc8 $19) 23... Rxb8 24. Bd3 Bd7 25. Rc7 Be8 26. Rhc1 Rb7 $2 {[%emt 0:00:52] [#]} (26... Rxc7 27. Rxc7 Nd7) 27. Rc8 Rfe7 28. Ra8 Kf7 29. Rcc8 Ng6 30. g3 a4 $2 {[%emt 0:01:14] [#]} (30... Rbc7 31. Rcb8 (31. Bxb6 Rxc8 32. Rxc8 Nxe5 $18) 31... a4 32. bxa4 Rb7) 31. b4 Rbc7 32. f4 Rxc8 33. Rxc8 Rb7 34. Ra8 Ne7 35. g4 {[%emt 0:00:15] Inhibits Nf5+.} g6 $2 (35... Bd7 {keeps fighting.} 36. b5 (36. Bxh7 g6 $16) 36... Nc8 37. Rxa4 (37. Bxh7 g6 $11) 37... Na7) 36. Ba6 {[%emt 0:03:52] White is clearly winning.} Rc7 37. Bxb6 {[%emt 0:04:25] This bishop pair is nice.} Rc3+ 38. Kd4 Rxa3 39. Ra7 {[%emt 0:00:05] Against Bd7} Rf3 40. Bc5 Rxf4+ 41. Ke3 {[%emt 0:33:26] Weighted Error Value: White=0.11 (very precise) /Black=0.51} 1-0

[Event "Czech Open-GM 2022"]
[Site "Pardubice"]
[Date "2022.07.22"]
[Round "1.26"]
[White "Jun, Rudolf"]
[Black "Keller, Peter"]
[Result "0-1"]
[ECO "C67"]
[WhiteElo "2134"]
[BlackElo "2377"]
[Annotator "TA"]
[PlyCount "110"]
[EventDate "2022.07.22"]
[EventType "swiss"]
[EventCountry "CZE"]
[SourceTitle "playchess.com"]
[Source "ChessBase"]
[SourceQuality "1"]
[TimeControl "40/5400+30:1800+30"]

1. e4 e5 2. Nf3 Nc6 3. Bb5 Nf6 4. O-O Nxe4 5. Re1 Nd6 6. Nxe5 Be7 7. Bd3 {[%emt 0:01:58] C67: Ruy Lopez: Berlin Defence: 4 0-0 Nxe4.} Nxe5 $1 {[%emt 0:07:19] 7...Nxe5 is better than 7...0-0.} 8. Rxe5 O-O 9. c3 {[%emt 0:03:53] The position is equal.} Ne8 10. Bc2 ({Reject} 10. Qh5 Nf6 11. Qf3 d5 $15) 10... d5 11. d4 Bd6 12. Re1 {[%emt 0:01:57] [#]} ({Avoid the trap} 12. Bxh7+ $2 Kxh7 13. Rh5+ Kg8 $19) 12... g6 $146 (12... Qh4 {seems wilder.} 13. g3 Qh3 14. Nd2 Nf6) ({Predecessor:} 12... Qh4 13. g3 Qh3 14. Qf3 Bg4 15. Qg2 Qh5 16. Nd2 Nf6 17. f3 Bh3 18. Qf2 Rae8 19. Rxe8 Rxe8 {1-0 (42) Baklan,V (2620)-Sethuraman,S (2529) Vrachati 2011}) 13. Nd2 Ng7 14. Nf3 Bf5 15. Bxf5 Nxf5 16. Ne5 c6 17. Qf3 f6 18. Nd3 Qd7 19. Bf4 Rae8 20. Bxd6 Qxd6 21. Qf4 Qxf4 22. Nxf4 Kf7 23. Nd3 h5 24. f3 g5 25. Kf2 a5 26. a4 b6 27. b4 Rxe1 28. Rxe1 axb4 29. Nxb4 $11 {[%emt 0:00:09][%mdl 4096] Endgame KRN-KRN} Ne7 30. Ra1 Ra8 31. Ke3 Ke6 32. Kd2 Kd7 33. Nc2 $1 Nf5 34. Ne3 Nxe3 35. Kxe3 $15 {[%emt 0:00:08] KR-KR} Ra5 36. Rb1 (36. h4 $15) 36... Kc7 (36... Rxa4 $17 {White must now prevent ...b5.} 37. Rxb6 Ra3) 37. Rb4 (37. h4 $1 $11) 37... c5 38. Rb5 {[%emt 0:01:04] Rxa5 is the strong threat.} Rxa4 39. dxc5 bxc5 40. Rxc5+ Kd6 41. Rc8 Ra2 42. Rd8+ Ke6 $1 43. Re8+ (43. Rh8 $142) 43... Kd7 $17 44. Rh8 {[%emt 0:00:43] [#]} h4 $1 ({Much worse is} 44... Rxg2 $6 45. Rxh5 Ke8 46. f4 $11) 45. f4 $2 (45. g3 $17) 45... Rxg2 $19 46. fxg5 fxg5 47. Rh5 Ke6 48. Kf3 Rg1 (48... Rxh2 $19 49. Rxg5 h3) 49. Kf2 $2 (49. Rh8 $17 {was the crucial defense.}) 49... Rg4 50. Kf3 {[%emt 0:00:00] [#]} Kf5 {[%emt 0:00:00] And now ...Rc4 would win.} 51. Rh8 {[%emt 0:00:00] Threatening mate with Rf8+.} Rf4+ ({Black should play} 51... Rc4 $19 52. Rf8+ Ke6 53. Re8+ Kf6 54. Rf8+ Ke6 55. Re8+ Kf6 56. Rf8+ Kg6 57. Rg8+ Kf6 58. Rf8+) 52. Ke3 $2 {[%emt 0:00:00][%mdl 8192] Now White is beyond hope.} (52. Kg2 $17) 52... Kg4 {[%emt 0:00:00] Strongly threatening ...Rf5. Black is clearly winning.} 53. Rg8 Rf5 54. Ra8 Kh3 55. Ra2 g4 {[%emt 0:00:00] Weighted Error Value: White=0.65/Black=0.22 (precise)} 0-1

[Event "Czech Open-GM 2022"]
[Site "Pardubice"]
[Date "2022.07.22"]
[Round "1.27"]
[White "Sorensen, Hampus"]
[Black "Hlavina, Matous"]
[Result "1-0"]
[ECO "C12"]
[WhiteElo "2376"]
[BlackElo "2133"]
[Annotator "TA"]
[PlyCount "107"]
[EventDate "2022.07.22"]
[EventType "swiss"]
[EventCountry "CZE"]
[SourceTitle "playchess.com"]
[Source "ChessBase"]
[SourceQuality "1"]
[TimeControl "40/5400+30:1800+30"]

1. e4 e6 2. d4 d5 3. Nc3 Nf6 4. Bg5 Bb4 5. e5 h6 6. Bd2 Bxc3 7. bxc3 Ne4 8. Qg4 g6 9. h4 Nxd2 10. Kxd2 c5 {[%emt 0:01:05] C12: French: Classical System: McCutcheon Variation.} 11. Nf3 (11. h5 $14 g5 12. dxc5) 11... Nc6 12. Qf4 Qe7 {[%emt 0:05:10] [#]} (12... Bd7 $11) 13. Rb1 $146 ({Better is} 13. Bb5 $14) ({Predecessor:} 13. Qf6 Qxf6 14. exf6 c4 15. g4 Nb8 16. Bg2 Nd7 17. g5 h5 18. Rhb1 b6 19. a4 Bb7 20. Ke3 Kd8 21. Kf4 {½-½ (21) Fletcher,J (2027)-Tew,P (2056) Treforest 2009}) 13... b6 14. Bb5 Bd7 15. Bxc6 Bxc6 16. Rh3 Kd7 17. Ne1 Rag8 18. dxc5 g5 19. hxg5 hxg5 20. Qg3 {[%emt 0:06:54] And now Rxh8 would win.} Rxh3 21. gxh3 bxc5 22. Nd3 {[%emt 0:00:24] Strongly threatening Qe3.} Kc8 23. Qe3 Rd8 $1 24. Qxc5 Qxc5 25. Nxc5 $14 {[%emt 0:00:02][%mdl 4096] Endgame KRB-KRN} d4 (25... Rh8 $11) 26. Rg1 dxc3+ 27. Kxc3 Rh8 28. Rg3 Bd5 29. a3 Kc7 30. Nd3 Kc6 (30... Be4 $14 {is more appropriate.}) 31. f4 ({White should try} 31. Rxg5 $16 {Threatens to win with Rg7.} Rxh3 32. Kd4) 31... gxf4 $11 32. Nxf4 Be4 (32... Rh4 $5 33. Nxd5 Kxd5 $11) 33. Kd4 Bg6 34. c4 a5 35. Rb3 Bf5 36. Rb5 Bxh3 37. Rxa5 Kb6 (37... Rh4 $11 {remains equal.} 38. Ke3 Bf5) 38. Rb5+ $16 Kc6 {[%emt 0:00:04] [#]} 39. Ra5 (39. Kc3 $1 $16) 39... Kb6 $11 40. Rb5+ (40. Ra4 $11) 40... Kc6 $16 {[%emt 0:00:05] [#]} 41. Kc3 $1 Bf5 {[%emt 0:01:36] Loses the game.} (41... Bg4 $16) 42. Ne2 $18 Rh3+ 43. Kb4 Rh4 $2 (43... Be4 44. Nc3 Bf3) 44. a4 Bd3 45. Rc5+ Kb7 (45... Kd7 $142 46. Nc3 Rh1) 46. Nc3 Rf4 47. Nb5 {[%emt 0:03:09] Intending Nd6+ and mate.} f6 48. exf6 Rxf6 {[%emt 0:00:14] White is clearly winning.} 49. Rc7+ (49. Nd6+ $142 Ka7 50. Rc7+ Kb8 51. Rc8+ Ka7 52. Ka5 Bxc4 53. Rc7+ Kb8 54. Kb6) 49... Kb8 50. Rd7 Be4 51. Rd8+ Kb7 52. Nd6+ Kc7 53. Nxe4 Rf4 {[%emt 0:00:34] [#]} 54. Nc5 $1 {[%emt 0:00:12] Weighted Error Value: White=0.31/Black=0.52} 1-0

[Event "Czech Open-GM 2022"]
[Site "Pardubice"]
[Date "2022.07.22"]
[Round "1.28"]
[White "Bodicky, Michal"]
[Black "Luch, Michal"]
[Result "0-1"]
[ECO "E10"]
[WhiteElo "2132"]
[BlackElo "2375"]
[Annotator "TA"]
[PlyCount "75"]
[EventDate "2022.07.22"]
[EventType "swiss"]
[EventCountry "CZE"]
[SourceTitle "playchess.com"]
[Source "ChessBase"]
[SourceQuality "1"]
[TimeControl "40/5400+30:1800+30"]

1. d4 Nf6 2. c4 e6 3. Nf3 d5 4. g3 dxc4 5. Qa4+ Nbd7 6. Bg2 a6 7. Qxc4 b5 8. Qc2 Bb7 9. O-O c5 10. Nc3 Rc8 11. dxc5 Bxc5 12. a3 O-O {[%emt 0:28:26] 12...Qb6 is vanishing.} 13. e3 {[%emt 0:12:19] [#] E03: Open Catalan: 5 Qa4+ Nbd7 6 Qxc4.} Rc7 $146 ({Predecessor:} 13... Nb6 14. Qe2 Ne4 15. Nxe4 Bxe4 16. Rd1 Qf6 17. Nd4 Bxg2 18. Kxg2 Bxd4 19. exd4 Qf5 20. Rd3 Rc4 {1-0 (73) Balog,I (2221)-Meszaros,T (2392) Hungary 2006}) 14. Nd4 (14. e4 $142) 14... Bxg2 $17 15. Kxg2 {[%emt 0:00:13] Black is better.} Bxd4 16. exd4 Nd5 17. Bd2 N7b6 {[%emt 0:17:35][%cal Ob6a4] Pair of Knights!} 18. Rad1 Nxc3 19. Bxc3 Qd5+ 20. f3 Na4 21. Rfe1 Rfc8 22. Rd3 Qa2 23. Ree3 {[%cal Od4d5] [#]} Qxb2 $3 24. Qxb2 Nxb2 25. Bxb2 {[%emt 0:00:05] Hoping for Kh3.} Rc2+ 26. Kh3 {aiming for Bc3.} Rxb2 {[%mdl 4096] Endgame KRR-KRR} 27. d5 exd5 {[%emt 0:01:02] Black is more active.} 28. Rxd5 g6 29. Rd7 (29. Rd6 $17 {keeps fighting.}) 29... Rc6 $19 30. g4 {[%emt 0:01:41] [#]} g5 $1 {[%emt 0:03:50] ( -> ...Rh6+)} 31. Rd5 (31. Re5 $142 h6 32. Re8+ Kg7 33. Ree7) 31... h6 {[%emt 0:00:13] Threatens to win with ...Rcc2.} 32. Re1 Rcc2 33. Rh1 Kg7 34. Kg3 Rg2+ 35. Kh3 Rgd2 36. Rxd2 Rxd2 37. Ra1 Rd4 38. Kg3 {[%emt 0:01:43] Weighted Error Value: White=0.26 (precise) /Black=0.06 (flawless)} 0-1